 Dungeon Crawl Stone Soup version 0.32-a0-999-gfa1cc04b1d (webtiles) character file.

Game seed: 7138769225568232782

81 2FriedEggs the Slasher (level 4, -4/28 HPs)
             Began as a Tengu Monk on Apr 24, 2024.
             Slain by a gnoll
             ... wielding a +0 flail
              (6 damage)
             ... on level 2 of the Dungeon.
             The game lasted 00:04:26 (1308 turns).

2FriedEggs the Slasher (Tengu Monk)                 Turns: 1308, Time: 00:04:26

Health: -4/28      AC:  6    Str: 11    XL:     4   Next: 40%
Magic:  5/5        EV: 11    Int: 10    God:
Gold:   77         SH:  0    Dex: 19    Spells: 3/3 levels left

rFire   . . .        j - +0 long sword
rCold   . . .        d - orb {light}
rNeg    . . .        e - +0 ring mail
rPois   .            (helmet restricted)
rElec   .            (no cloak)
rCorr   .            f - +0 pair of gloves
SInv    .            (boots unavailable)
Will    .....        (no amulet)
Stlth   +            (no ring)
HPRegen 0.24/turn    (no ring)
MPRegen 0.09/turn

%: acrobat
@: attractive, glowing
A: beak, talons 3, acrobatic
a: no special abilities


You were on level 2 of the Dungeon.
You visited 1 branch of the dungeon, and saw 3 of its levels.

You collected 77 gold pieces.

Inventory:

Hand Weapons
 a - a +0 falchion
 i - a +2 vampiric dagger
 j - a +0 long sword (weapon)
Missiles
 n - 3 poisoned darts (quivered)
Armour
 d - an orb of light (worn)
 e - a +0 ring mail (worn)
 f - a +0 pair of gloves (worn)
Jewellery
 l - an amulet of guardian spirit
Scrolls
 c - a scroll of immolation
 h - a scroll of vulnerability {unknown}
 k - a scroll of fog {unknown}
 m - a scroll of poison {unknown}


   Skills:
 - Level 3.0 Fighting
 * Level 4.9 Long Blades
 + Level 4.2 Dodging


You had 3 spell levels left.
You didn't know any spells.
Your spell library contained the following spells:

 Spells                   Type           Power      Damage    Failure   Level
 Mercury Vapours          Alch/Air       0%         N/A       80%         2
 Mephitic Cloud           Conj/Alch/Air  0%         N/A       95%         3
 Tukima's Dance           Hex            0%         N/A       95%         3
 Dimensional Bullseye     Hex/Tloc       0%         N/A       100%        4
 Iskenderun's Mystic Bla Conj/Tloc 0%             2d3        (+2d1     100%        4
 Freezing Cloud           Conj/Ice/Air   0%         6-21      100%        5


Dungeon Overview and Level Annotations

Branches:
Dungeon (3/15)

Altars:

Shops:
D:1 (   D:2 :


Innate Abilities, Weirdness & Mutations

You have a beak for a mouth.
You have claws for feet.
You can magically evade attacks while moving or waiting.


Message History

The orc priest is heavily wounded.
The orc priest hits you with a +0 short sword. x2
You completely miss the orc priest.
The orc priest shouts, "Beogh offers mercy even to people such as you.
Join us and be reborn!"
The orc priest is heavily wounded.
The orc priest hits you with a +0 short sword.
You slash the orc priest!
You kill the orc priest!
You have reached level 4!
You feel agile.
There is a stone staircase leading up here.
You start resting.
A gnoll comes into view.
It is wielding a +0 flail and quivering a throwing net.
The gnoll shouts!
The gnoll throws a throwing net.
The throwing net hits you.
You become entangled in the net!
You stop ascending the stairs.
You struggle against the net.
You tear a large gash into the net.
You struggle against the net.
You rip the net and break free!
The gnoll hits you with a +0 flail!
You climb upwards.
There is a stone staircase leading down here.
The gnoll completely misses you. The gnoll attacks as it pursues you!
The gnoll completely misses you. The gnoll attacks as it pursues you!
The gnoll barely misses you. The gnoll attacks as it pursues you!
The gnoll closely misses you.
It was a potion of magic.
Magic courses through your body. The gnoll hits you with a +0 flail.
* * * LOW HITPOINT WARNING * * *
It was a potion of attraction.
You feel attractive to monsters. The gnoll hits you with a +0 flail.
* * * LOW HITPOINT WARNING * * *
You aren't carrying any potions.
As you read the scroll labelled VIP ZUEFOOFAE, it crumbles to dust.
It is a scroll of identify.
c - a scroll of immolation The gnoll hits you with a +0 flail.
You die...

#######...#######.## #
######.....#...~≈≈≈≈≈~..#### ##
...#.....#.....#######.....# #.
..........#..#[#.....#.÷##.# #.
......>....#.#.###.###..##.#####.
...........#>....#.#...###.....#.
...........###.#.#.#..## #####...
...........# #.g......# ##..
...........# ##.@.#...# ###...
...........# ###.##..# #....#
..........## #.....## #.#.##
...#.....## #####..## #.#.#
####.....#### #...####.#.# #
#........# #.#...##.#.#
####........# #.###.##...#
..##........# #<###.....##
#..#........# ##......#..##


You could see a gnoll.

Vanquished Creatures
  An orc priest (D:3)
  3 dart slugs
  5 bats
  5 endoplasms
  6 goblins
  7 hobgoblins
  4 quokkas
  4 ball pythons
  A frilled lizard (D:2)
  2 kobolds
  4 rats
42 creatures vanquished.

Notes
Turn   | Place    | Note
-------+----------+-------------------------------------------
     0 | D:1      | 2FriedEggs the Tengu Monk began the quest for the Orb.
     0 | D:1      | Reached XP level 1. HP: 14/14 MP: 2/2
    37 | D:1      | Reached XP level 2. HP: 7/19 MP: 3/3
   151 | D:1      | Found Alolehaz's Weapon Shoppe.
   152 | D:1      | Noticed a +0 giant club
   168 | D:1      | Noticed a +0 quick blade
   253 | D:1      | Reached XP level 3. HP: 23/23 MP: 4/4
   826 | D:2      | Found Kulusaom's Book Emporium.
  1276 | D:3      | Reached XP level 4. HP: 13/28 MP: 5/5
  1308 | D:2      | Slain by a gnoll

Illustrated notes

Levels and vault maps discovered:
D:1:      minmay_arrival_open_corners, layout_rooms, serial_shops,
          nicolae_shop_mannequins, minmay_door_square
D:2:      layout_rooms, serial_shops, shop, grunt_decor_cap,
          minmay_fractal_squares_gapless_5
D:3:      layout_loops_ring, serial_shops, nicolae_shop_hallway_plus,
          nicolae_shop_vocational, uniq_grinder, uniq_ijyb, uniq_terence,
          uniq_sigmund

Skill      XL: |  1  2  3 |
---------------+----------+-----
Long Blades    | 4 |  4.9
Dodging        | 4 |  4.2
Fighting       | |  3.0

Action                     |  1- 3 |  4- 6 || total
---------------------------+-------+-------++-------
  Melee: Falchion          |    47 |       ||    47
         Peck              |    18 |       ||    18
         Kick              |    21 |       ||    21
         Long sword        |    24 |       ||    24
    Use: Potion            |     1 |     2 ||     3
         Scroll            |       |     1 ||     1
 Armour: Robe              |    13 |       ||    13
         Ring mail         |     9 |     4 ||    13
  Dodge: Dodged            |    39 |     4 ||    43

Table legend: (Time is in decaauts)
 A = Elapsed time spent in this place.
 B = Non-inter-level travel time spent in this place.
 C = Inter-level travel time spent in this place.
 D = Time resting spent in this place.
 E = Time spent auto-exploring this place.
 F = Levels seen in this place.
 G = Mean time per level.
                   A        B        C        D        E       F      G
               +--------+--------+--------+--------+--------+-----+--------+
         Total |   1316 |   1156 |    160 |     14 |    856 |   3 |  438.7 |
       Dungeon |   1316 |   1156 |    160 |     14 |    856 |   3 |  438.7 |
               +--------+--------+--------+--------+--------+-----+--------+

Top non-repeatable levels by time:
     D:2: 704 daAuts
     D:1: 556 daAuts
     D:3: 55 daAuts
